Rangers vs Red Wings

Created - May 22, 2022 at 06:57

Goals
1 2 3 T
Rangers 2 1 0 3
Red Wings 3 4 1 8
Shots
1 2 3 T
Rangers 14 8 8 30
Red Wings 13 16 8 37

1st period

1. Red Wings , Mike Richards 21 (David Rundblad 14, Connor Brown 32) at 1:47
2. Rangers , Sean Couturier 27 (Milan Lucic 45, Matt Delahey 15) at 2:51
3. Red Wings , Nino Niederreiter 29 (Marko Dano 34, Henrik Zetterberg 41) at 3:20
4. Rangers , Dmitry Kulikov 10 (Patrik Nemeth 18, Dustin Brown 11) at 17:09
5. Red Wings , Marko Dano 29 (Nino Niederreiter 39, Philip Samuelsson 28) at 19:42 (SH)

Penalties :
Ole-Kristian Tollefsen (Det) for Hooking (Minor) at 8:09, Drew Fata (Det) for Hooking (Minor) at 18:35

2nd period

6. Red Wings , Connor Brown 20 (Mike Richards 31, Ole-Kristian Tollefsen 11) at 3:57 (PP)
7. Red Wings , Henrik Zetterberg 23 (Marko Dano 35, Nino Niederreiter 40) at 9:41
8. Rangers , Milan Lucic 50 (Dmitry Kulikov 15, Patrik Nemeth 19) at 11:13
9. Red Wings , Dylan Larkin 15 (Jiri Fischer 17, Connor Brown 33) at 12:08
10. Red Wings , Henrik Zetterberg 24 (Marko Dano 36) at 16:47 (PP)

Penalties :
Devante Smith-Pelly (NyR) for Tripping (Minor) at 2:53, Chris Bourque (NyR) for Hooking (Minor) at 5:43, Mike Richards (Det) for Hooking (Minor) at 13:16, Milan Lucic (NyR) for Hooking (Minor) at 16:41

3rd period

11. Red Wings , Dylan Larkin 16 (Mike Richards 32, Marko Dano 37) at 4:38

Penalties :
Milan Lucic (NyR) for Hooking (Minor) at 3:59, Nino Niederreiter (Det) for Tripping (Minor) at 4:04, Henrik Zetterberg (Det) for Interference (Minor) at 7:53, Tye McGinn (Det) for Holding (Minor) at 11:25

Goalie Stats

Frederik Andersen (NyR), 16 saves from 20 shots - (0.800), L, 25-25-2, 39:19 minutes
Harru Sateri (NyR), 13 saves from 17 shots - (0.765), 20:41 minutes
Robin Lehner (Det), 27 saves from 30 shots - (0.900), W, 30-15-6, 60:00 minutes

Players Stats for Rangers

Player Name              G  A  P  +/- PIM S  H  SB GA TA FO     MP     PP MP  PK MP  
------------------------------------------------------------------------------------
Artem Anisimov           0  0  0  -1  0   2  1  0  0  0  5/7    13:35   0:00   0:13 
Brett Ponich             0  0  0  -1  0   1  0  0  0  0  0/0    20:18   3:44   1:05 
Chris Bourque            0  0  0   0  2   5  3  1  0  0  0/0    16:23   4:39   0:13 
Devante Smith-Pelly      0  0  0  -2  2   0  1  0  0  0  1/2     7:00   0:00   0:11 
Dmitry Kulikov           1  1  2   0  0   4  1  2  0  0  0/0    28:29   6:16   2:09 
Dustin Brown             0  1  1   1  0   1  0  0  0  1  2/3    18:40   5:16   0:38 
Jonas Brodin             0  0  0  -2  0   0  0  0  0  0  0/0    11:13   0:00   0:00 
Magnus Paajarvi          0  0  0  -2  0   1  0  0  0  0  0/0     6:30   0:00   0:00 
Matt Delahey             0  1  1  -1  0   3  1  5  0  0  0/0    20:18   3:44   1:05 
Milan Lucic              1  1  2   0  4   5  1  0  1  1  5/9    25:07   5:21   2:12 
Morgan Ellis             0  0  0  -2  0   0  0  0  0  0  0/0    11:13   0:00   0:00 
Patrik Nemeth            0  2  2   0  0   0  2  2  0  1  0/0    28:29   6:16   2:09 
Richard Panik            0  0  0  -2  0   0  1  0  0  0  2/5     4:03   0:00   0:00 
Ryan Strome              0  0  0  -1  0   3  1  1  0  0  0/1    14:30   0:05   0:00 
Sean Couturier           1  0  1   0  0   2  2  1  1  0  10/19  22:46   5:21   2:23 
Steve Quailer            0  0  0   0  0   1  4  0  0  0  1/1    16:03   4:39   0:00 
T.J Galiardi             0  0  0  -1  0   1  1  1  0  0  0/1    13:22   0:00   0:00 
Tomas Hertl              0  0  0   0  0   1  0  0  0  1  4/10   16:49   4:39   0:38 

Players Stats for Red Wings

Player Name              G  A  P  +/- PIM S  H  SB GA TA FO     MP     PP MP  PK MP  
------------------------------------------------------------------------------------
Carson Mcmillan          0  0  0   0  0   2  0  2  0  1  0/4    14:55   0:00   5:40 
Connor Brown             1  2  3   1  0   6  2  0  1  0  1/1    15:55   0:57   0:00 
David Rundblad           0  1  1   2  0   0  0  1  1  0  0/0    13:24   0:55   0:30 
Drew Fata                0  0  0   2  2   2  0  3  0  0  0/0    16:53   0:00   4:10 
Dylan Larkin             2  0  2   2  0   2  0  0  0  0  0/0    18:27   2:19   0:00 
Henrik Zetterberg        2  1  3   0  2   5  2  1  0  0  13/25  16:56   2:17   0:02 
Jiri Fischer             0  1  1   2  0   0  0  2  0  0  0/0    14:40   0:00   2:15 
Jordin Tootoo            0  0  0   0  0   1  0  1  0  0  0/0     6:16   0:00   0:00 
Kris Versteeg            0  0  0   0  0   1  0  1  1  0  3/10   15:52   0:57   5:35 
Marko Dano               1  4  5   1  0   8  2  0  0  0  0/0    18:52   2:17   1:11 
Michael Haley            0  0  0   0  0   0  0  0  0  0  0/0     9:08   0:00   2:47 
Mike Richards            1  2  3   2  2   2  4  0  0  0  10/16  16:41   0:57   0:00 
Nino Niederreiter        1  2  3   1  2   5  4  2  1  0  1/2    19:22   2:16   1:58 
Ole-Kristian Tollefsen   0  1  1  -1  2   0  1  1  0  0  0/0    26:26   0:55   3:05 
Philip Samuelsson        0  1  1  -1  0   3  1  0  0  0  0/0    29:34   2:19   4:21 
Ryan O'Byrne             0  0  0   2  0   0  0  0  0  1  0/0    17:06   0:00   5:39 
T.J. Hensick             0  0  0   0  0   0  0  0  0  0  0/0     9:08   0:00   2:47 
Tye McGinn               0  0  0   0  2   0  1  1  0  0  0/0     8:25   0:00   0:00 

3 Stars

1 - Marko Dano (Det)
2 - Mike Richards (Det)
3 - Dylan Larkin (Det)

Power Play

Rangers - 0 on 6 Attempt(s) - 0.00%
Red Wings - 2 on 4 Attempt(s) - 50.00%

Penalty Kill

Rangers - 2 on 4 Attempt(s) - 50.00% - Score 0 goal in Penalty Kill
Red Wings - 6 on 6 Attempt(s) - 100.00% - Score 1 goal in Penalty Kill

Team Stat

Rangers - Hits : 19 - Faceoff Wins : 30 - Blocked Shots : 13 - Penalty Minutes : 8
Red Wings - Hits : 17 - Faceoff Wins : 28 - Blocked Shots : 15 - Penalty Minutes : 12

Official

Referees : Eric Furlatt and Dan Kelly
Linesman : Travis Gawryletz and Vaughan Rody

Game Notes

Harru Sateri enters game at 3:57 of 2nd period
Frederik Andersen enters game at 4:38 of 3rd period

Finance

Level 1 -- Attendance: 6000 (100.00%) -- Ticket Income $600,000
Level 2 -- Attendance: 4842 (96.84%) -- Ticket Income $290,520
Level 3 -- Attendance: 1904 (95.20%) -- Ticket Income $66,640
Level 4 -- Attendance: 3988 (99.70%) -- Ticket Income $99,700
Luxury Box -- Attendance: 1000 (100.00%) -- Ticket Income $200,000
Game was played at the Little Caesars arena.
Total Attendance: 17734 (98.52%)
Total Ticket Income: $1,256,860
Other Income: $188,529
Total Income: $1,445,389

Rangers

5 vs 5 Forward 
   Center                   Left Wing                Right Wing               Time % Phy DF OF 
 1 Sean Couturier           Milan Lucic              Dustin Brown             40     1   2  2  
 2 Tomas Hertl              Chris Bourque            Steve Quailer            30     1   2  2  
 3 Artem Anisimov           T.J Galiardi             Ryan Strome              20     1   2  2  
 4 Milan Lucic              Magnus Paajarvi          Devante Smith-Pelly      10     1   2  2  

5 vs 5 Defense 
   Defense                  Defense                                           Time % Phy DF OF 
 1 Dmitry Kulikov           Patrik Nemeth                                     40     1   2  2  
 2 Matt Delahey             Brett Ponich                                      30     1   2  2  
 3 Jonas Brodin             Morgan Ellis                                      20     1   2  2  
 4 Dmitry Kulikov           Patrik Nemeth                                     10     1   2  2  

PowerPlay Forward 
   Center                   Left Wing                Right Wing               Time % Phy DF OF 
 1 Sean Couturier           Milan Lucic              Dustin Brown             60     1   2  2  
 2 Tomas Hertl              Chris Bourque            Steve Quailer            40     1   2  2  

PowerPlay Defense
   Defense                  Defense                                           Time % Phy DF OF 
 1 Dmitry Kulikov           Patrik Nemeth                                     60     1   2  2  
 2 Matt Delahey             Brett Ponich                                      40     1   2  2  

Penalty Kill 4 Players Forward 
   Center                   Wing                     Time % Phy DF OF 
 1 Milan Lucic              Sean Couturier           60     1   2  2  
 2 Tomas Hertl              Dustin Brown             40     1   2  2  

Penalty Kill 4 Players Defense
   Defense                  Defense                  Time % Phy DF OF 
 1 Dmitry Kulikov           Patrik Nemeth            60     1   2  2  
 2 Matt Delahey             Brett Ponich             40     1   2  2  

Penalty Kill - 3 Players Forward 
   Forward                                           Time % Phy DF OF 
 1 Milan Lucic                                       60     1   2  2  
 2 Sean Couturier                                    40     1   2  2  

Penalty Kill - 3 Players Defense
   Defense                  Defense                  Time % Phy DF OF 
 1 Dmitry Kulikov           Patrik Nemeth            60     1   2  2  
 2 Matt Delahey             Brett Ponich             40     1   2  2  

4 vs 4 Forward 
   Center                   Wing                     Time % Phy DF OF 
 1 Milan Lucic              Sean Couturier           60     1   2  2  
 2 Tomas Hertl              Dustin Brown             40     1   2  2  

4 vs 4 Defense
   Defense                  Defense                  Time % Phy DF OF 
 1 Dmitry Kulikov           Patrik Nemeth            60     1   2  2  
 2 Matt Delahey             Brett Ponich             40     1   2  2  

Last Minutes Offensive
   Center                   Left Wing                Right Wing               Defense                  Defense                  
   Sean Couturier           Milan Lucic              Dustin Brown             Dmitry Kulikov           Patrik Nemeth            

Last Minutes Defensive
   Center                   Left Wing                Right Wing               Defense                  Defense                  
   Sean Couturier           Milan Lucic              Dustin Brown             Dmitry Kulikov           Patrik Nemeth            

Goaltenders
Starting : Frederik Andersen        
Backup : Harru Sateri             

Extra Forwards
Normal : Richard Panik, Ryan Strome, Devante Smith-Pelly - PP : Richard Panik, Ryan Strome - PK : Devante Smith-Pelly
Extra Defensemen
Normal : Jonas Brodin, Morgan Ellis, Matt Delahey - PP : Jonas Brodin - PK : Morgan Ellis, Matt Delahey
Penalty Shots
Milan Lucic, Sean Couturier, Tomas Hertl, Dustin Brown, Steve Quailer

Scratches
Luke Schenn (Strained Left Elbow Injury), Stefan Noesen (Healthy), Vince Dunn (Left Hip Injury)

Red Wings

5 vs 5 Forward 
   Center                   Left Wing                Right Wing               Time % Phy DF OF 
 1 Henrik Zetterberg        Marko Dano               Nino Niederreiter        40     1   2  2  
 2 Mike Richards            Dylan Larkin             Connor Brown             30     1   2  2  
 3 Kris Versteeg            Tye McGinn               Carson Mcmillan          20     1   2  2  
 4 T.J. Hensick             Michael Haley            Jordin Tootoo            10     1   2  2  

5 vs 5 Defense 
   Defense                  Defense                                           Time % Phy DF OF 
 1 Philip Samuelsson        Ole-Kristian Tollefsen                            40     1   2  2  
 2 Drew Fata                Jiri Fischer                                      30     1   2  2  
 3 David Rundblad           Ryan O'Byrne                                      20     1   2  2  
 4 David Rundblad           Ryan O'Byrne                                      10     1   2  2  

PowerPlay Forward 
   Center                   Left Wing                Right Wing               Time % Phy DF OF 
 1 Henrik Zetterberg        Marko Dano               Nino Niederreiter        60     2   1  2  
 2 Mike Richards            Kris Versteeg            Connor Brown             40     2   1  2  

PowerPlay Defense
   Defense                  Defense                                           Time % Phy DF OF 
 1 Philip Samuelsson        Dylan Larkin                                      60     1   2  2  
 2 David Rundblad           Ole-Kristian Tollefsen                            40     1   2  2  

Penalty Kill 4 Players Forward 
   Center                   Wing                     Time % Phy DF OF 
 1 Kris Versteeg            Carson Mcmillan          60     0   4  1  
 2 T.J. Hensick             Michael Haley            40     0   4  1  

Penalty Kill 4 Players Defense
   Defense                  Defense                  Time % Phy DF OF 
 1 Ryan O'Byrne             Drew Fata                60     1   4  0  
 2 Philip Samuelsson        Ole-Kristian Tollefsen   40     1   4  0  

Penalty Kill - 3 Players Forward 
   Forward                                           Time % Phy DF OF 
 1 Carson Mcmillan                                   60     1   4  0  
 2 Michael Haley                                     40     1   4  0  

Penalty Kill - 3 Players Defense
   Defense                  Defense                  Time % Phy DF OF 
 1 Ole-Kristian Tollefsen   Ryan O'Byrne             60     0   5  0  
 2 Philip Samuelsson        Drew Fata                40     0   5  0  

4 vs 4 Forward 
   Center                   Wing                     Time % Phy DF OF 
 1 Henrik Zetterberg        Marko Dano               55     1   2  2  
 2 Mike Richards            Nino Niederreiter        45     1   2  2  

4 vs 4 Defense
   Defense                  Defense                  Time % Phy DF OF 
 1 Philip Samuelsson        Ole-Kristian Tollefsen   60     1   2  2  
 2 Drew Fata                Jiri Fischer             40     1   2  2  

Last Minutes Offensive
   Center                   Left Wing                Right Wing               Defense                  Defense                  
   Henrik Zetterberg        Marko Dano               Nino Niederreiter        Philip Samuelsson        Connor Brown             

Last Minutes Defensive
   Center                   Left Wing                Right Wing               Defense                  Defense                  
   T.J. Hensick             Michael Haley            Carson Mcmillan          Ryan O'Byrne             Drew Fata                

Goaltenders
Starting : Robin Lehner             
Backup : Mike McKenna             

Extra Forwards
Normal : Dylan Larkin, Connor Brown, Nino Niederreiter - PP : T.J. Hensick, Carson Mcmillan - PK : Nino Niederreiter
Extra Defensemen
Normal : Philip Samuelsson, Drew Fata, Ryan O'Byrne - PP : Jiri Fischer - PK : Jiri Fischer, David Rundblad
Penalty Shots
Kris Versteeg, Dylan Larkin, Marko Dano, Mike Richards, Carson Mcmillan

Scratches
David Krejci (Healthy), Jakub Kindl (Healthy), Jesse Joensuu (Healthy), Ryane Clowe (Healthy)

% Time on Ice - Rangers

Lines # - Real PCT - Wanted PCT - Time Play
Normal Forward
1 - 30% - 40% - 13:28
2 - 26% - 30% - 11:32
3 - 30% - 20% - 13:22
4 - 14% - 10% - 6:30
Normal Defense
1 - 39% - 40% - 17:41
2 - 34% - 30% - 15:07
3 - 25% - 20% - 11:13
4 - 2% - 10% - 0:51
PP Forward
1 - 54% - 60% - 5:21
2 - 47% - 40% - 4:39
PP Defense
1 - 63% - 60% - 6:16
2 - 37% - 40% - 3:44
PK Forward
1 - 80% - 60% - 2:36
2 - 20% - 40% - 0:38
PK Defense
1 - 66% - 60% - 2:09
2 - 34% - 40% - 1:05
PK3 Forward
1 - 0% - 60%
2 - 0% - 40%
PK3 Defense
1 - 0% - 60%
2 - 0% - 40%
44 Forward
1 - 100% - 60% - 1:54
2 - 0% - 40% - 0:00
44 Defense
1 - 81% - 60% - 1:32
2 - 19% - 40% - 0:22
Last Minute Offensive  - 0:00
Last Minute Defensive  - 0:00
Total
Forward - 60:00
Defense - 60:00

% Time on Ice - Red Wings

Lines # - Real PCT - Wanted PCT - Time Play
Normal Forward
1 - 34% - 40% - 15:08
2 - 34% - 30% - 15:03
3 - 19% - 20% - 8:25
4 - 14% - 10% - 6:16
Normal Defense
1 - 46% - 40% - 20:39
2 - 29% - 30% - 13:05
3 - 19% - 20% - 8:34
4 - 6% - 10% - 2:34
PP Forward
1 - 71% - 60% - 2:17
2 - 29% - 40% - 0:57
PP Defense
1 - 72% - 60% - 2:19
2 - 28% - 40% - 0:55
PK Forward
1 - 72% - 60% - 7:13
2 - 28% - 40% - 2:47
PK Defense
1 - 57% - 60% - 5:41
2 - 43% - 40% - 4:19
PK3 Forward
1 - 0% - 60%
2 - 0% - 40%
PK3 Defense
1 - 0% - 60%
2 - 0% - 40%
44 Forward
1 - 62% - 55% - 1:11
2 - 38% - 45% - 0:43
44 Defense
1 - 100% - 60% - 1:54
2 - 0% - 40% - 0:00
Last Minute Offensive  - 0:00
Last Minute Defensive  - 0:00
Total
Forward - 60:00
Defense - 60:00

Play-by-Play

1st period


0:01 of 1st period - Henrik Zetterberg wins face-off versus Sean Couturier in neutral zone.
0:04 of 1st period - Sean Couturier is hit by Nino Niederreiter and loses puck.
0:27 of 1st period - Mike Richards is hit by Steve Quailer and loses puck.
0:34 of 1st period - Snap shot by Chris Bourque.
0:34 of 1st period - Stopped by Robin Lehner without a rebound.
0:35 of 1st period - Artem Anisimov wins face-off versus Kris Versteeg in Red Wings zone.
0:42 of 1st period - Snap shot by Ryan Strome.
0:42 of 1st period - Stopped by Robin Lehner with a rebound.
0:50 of 1st period - Slapshot by Kris Versteeg.
0:50 of 1st period - Stopped by Frederik Andersen with a rebound.
1:02 of 1st period - Jiri Fischer is hit by Steve Quailer and loses puck.
1:45 of 1st period - Snap shot by Connor Brown.
1:45 of 1st period - Stopped by Frederik Andersen with a rebound.
1:47 of 1st period - Slapshot by David Rundblad.
1:47 of 1st period - Deflect By Mike Richards.
1:47 of 1st period - Goal by Mike Richards - Rangers : 0 - Red Wings : 1.
1:48 of 1st period - Sean Couturier wins face-off versus Mike Richards in neutral zone.
1:55 of 1st period - Dylan Larkin is hit by Patrik Nemeth and loses puck.
2:33 of 1st period - Snap shot by Sean Couturier.
2:33 of 1st period - Shot Misses the Net.
2:35 of 1st period - Wrist shot by Dustin Brown.
2:35 of 1st period - Shot Blocked by Nino Niederreiter.
2:41 of 1st period - Snap shot by Sean Couturier.
2:41 of 1st period - Shot Misses the Net.
2:47 of 1st period - Wrist shot by Sean Couturier.
2:47 of 1st period - Deflect By Nino Niederreiter.
2:47 of 1st period - Stopped by Robin Lehner with a rebound.
2:49 of 1st period - Wrist shot by Sean Couturier.
2:49 of 1st period - Shot Misses the Net.
2:51 of 1st period - Wrist shot by Sean Couturier.
2:51 of 1st period - Goal by Sean Couturier - Rangers : 1 - Red Wings : 1.
2:52 of 1st period - Steve Quailer wins face-off versus Mike Richards in neutral zone.
3:06 of 1st period - Slapshot by Tomas Hertl.
3:06 of 1st period - Stopped by Robin Lehner without a rebound.
3:07 of 1st period - Artem Anisimov wins face-off versus Henrik Zetterberg in Red Wings zone.
3:20 of 1st period - Slapshot by Nino Niederreiter.
3:20 of 1st period - Goal by Nino Niederreiter - Rangers : 1 - Red Wings : 2.
3:21 of 1st period - Mike Richards wins face-off versus Tomas Hertl in neutral zone.
3:28 of 1st period - Snap shot by Connor Brown.
3:28 of 1st period - Stopped by Frederik Andersen with a rebound.
3:48 of 1st period - Drew Fata is hit by Patrik Nemeth and loses puck.
3:53 of 1st period - Snap shot by Ryan Strome.
3:53 of 1st period - Shot Blocked by Tye McGinn.
3:55 of 1st period - Slapshot by Ryan Strome.
3:55 of 1st period - Deflect By Artem Anisimov.
3:55 of 1st period - Shot Blocked by Carson Mcmillan.
3:55 of 1st period - Puck is out of play.
3:56 of 1st period - Milan Lucic wins face-off versus Henrik Zetterberg in Red Wings zone.
4:01 of 1st period - Snap shot by Devante Smith-Pelly.
4:01 of 1st period - Deflect By Magnus Paajarvi.
4:01 of 1st period - Shot Blocked by David Rundblad.
4:01 of 1st period - Puck is out of play.
4:02 of 1st period - Milan Lucic wins face-off versus Henrik Zetterberg in Red Wings zone.
5:39 of 1st period - Snap shot by T.J Galiardi.
5:39 of 1st period - Deflect By Artem Anisimov.
5:39 of 1st period - Stopped by Robin Lehner with a rebound.
5:41 of 1st period - Slapshot by Matt Delahey.
5:41 of 1st period - Stopped by Robin Lehner without a rebound.
5:42 of 1st period - Artem Anisimov wins face-off versus Mike Richards in Red Wings zone.
5:45 of 1st period - Wrist shot by T.J Galiardi.
5:45 of 1st period - Shot Misses the Net.
5:53 of 1st period - Snap shot by Mike Richards.
5:53 of 1st period - Shot Misses the Net.
5:55 of 1st period - Slapshot by Drew Fata.
5:55 of 1st period - Deflect By Connor Brown.
5:55 of 1st period - Stopped by Frederik Andersen with a rebound.
6:15 of 1st period - Snap shot by Dustin Brown.
6:15 of 1st period - Shot Blocked by Drew Fata.
6:51 of 1st period - Drew Fata is hit by Milan Lucic and loses puck.
7:52 of 1st period - Slapshot by Philip Samuelsson.
7:52 of 1st period - Stopped by Frederik Andersen without a rebound.
7:53 of 1st period - Sean Couturier wins face-off versus Kris Versteeg in Rangers zone.
8:09 of 1st period - Minor Penalty to Ole-Kristian Tollefsen for Hooking.
8:10 of 1st period - Sean Couturier wins face-off versus Carson Mcmillan in Red Wings zone.
9:47 of 1st period - Slapshot by Nino Niederreiter.
9:47 of 1st period - Shot Blocked by Patrik Nemeth.
10:09 of 1st period - Penalty to Ole-Kristian Tollefsen is over, Ole-Kristian Tollefsen is back on ice.
10:41 of 1st period - Slapshot by Nino Niederreiter.
10:41 of 1st period - Stopped by Frederik Andersen with a rebound.
10:59 of 1st period - Snap shot by Marko Dano.
10:59 of 1st period - Stopped by Frederik Andersen without a rebound.
11:00 of 1st period - Mike Richards wins face-off versus Artem Anisimov in Rangers zone.
11:26 of 1st period - Brett Ponich is hit by Tye McGinn.
11:57 of 1st period - Wrist shot by Jordin Tootoo.
11:57 of 1st period - Stopped by Frederik Andersen with a rebound.
12:09 of 1st period - Wrist shot by T.J Galiardi.
12:09 of 1st period - Stopped by Robin Lehner without a rebound.
12:10 of 1st period - Artem Anisimov wins face-off versus Mike Richards in Red Wings zone.
14:33 of 1st period - Snap shot by Kris Versteeg.
14:33 of 1st period - Shot Misses the Net.
14:35 of 1st period - Slapshot by Drew Fata.
14:35 of 1st period - Stopped by Frederik Andersen without a rebound.
14:36 of 1st period - Henrik Zetterberg wins face-off versus Sean Couturier in Rangers zone.
14:51 of 1st period - Brett Ponich is hit by Nino Niederreiter and loses puck.
15:25 of 1st period - Snap shot by Milan Lucic.
15:25 of 1st period - Shot Blocked by Kris Versteeg.
15:27 of 1st period - Slapshot by Jonas Brodin.
15:27 of 1st period - Shot Blocked by Carson Mcmillan.
15:29 of 1st period - Wrist shot by Devante Smith-Pelly.
15:29 of 1st period - Shot Misses the Net.
16:08 of 1st period - Snap shot by Henrik Zetterberg.
16:08 of 1st period - Stopped by Frederik Andersen with a rebound.
16:52 of 1st period - Patrik Nemeth is hit by Connor Brown and loses puck.
17:03 of 1st period - Snap shot by Dustin Brown.
17:03 of 1st period - Stopped by Robin Lehner with a rebound.
17:05 of 1st period - Slapshot by Dmitry Kulikov.
17:05 of 1st period - Stopped by Robin Lehner with a rebound.
17:07 of 1st period - Snap shot by Patrik Nemeth.
17:07 of 1st period - Shot Blocked by Ole-Kristian Tollefsen.
17:09 of 1st period - Slapshot by Dmitry Kulikov.
17:09 of 1st period - Goal by Dmitry Kulikov - Rangers : 2 - Red Wings : 2.
17:10 of 1st period - Henrik Zetterberg wins face-off versus Tomas Hertl in neutral zone.
17:48 of 1st period - Slapshot by Milan Lucic.
17:48 of 1st period - Stopped by Robin Lehner with a rebound.
18:00 of 1st period - Philip Samuelsson is hit by Ryan Strome and loses puck.
18:13 of 1st period - Snap shot by Mike Richards.
18:13 of 1st period - Shot Misses the Net.
18:32 of 1st period - Slapshot by Chris Bourque.
18:32 of 1st period - Stopped by Robin Lehner without a rebound.
18:33 of 1st period - Kris Versteeg wins face-off versus Sean Couturier in Red Wings zone.
18:35 of 1st period - Minor Penalty to Drew Fata for Hooking.
18:36 of 1st period - Sean Couturier wins face-off versus Kris Versteeg in Red Wings zone.
19:10 of 1st period - Snap shot by Chris Bourque.
19:10 of 1st period - Stopped by Robin Lehner with a rebound.
19:42 of 1st period - Snap shot by Nino Niederreiter.
19:42 of 1st period - Deflect By Marko Dano.
19:42 of 1st period - Goal by Marko Dano - Rangers : 2 - Red Wings : 3.
19:43 of 1st period - Kris Versteeg wins face-off versus Sean Couturier in neutral zone.
Goals for this period are 2 for Rangers vs 3 for Red Wings.
Shots for this period are 14 for Rangers vs 13 for Red Wings.

2nd period


0:01 of 2nd period - Kris Versteeg wins face-off versus Sean Couturier in neutral zone.
0:35 of 2nd period - Penalty to Drew Fata is over, Drew Fata is back on ice.
0:44 of 2nd period - Off-side.
0:45 of 2nd period - Henrik Zetterberg wins face-off versus Ryan Strome in neutral zone.
0:48 of 2nd period - Wrist shot by Philip Samuelsson.
0:48 of 2nd period - Deflect By Henrik Zetterberg.
0:48 of 2nd period - Stopped by Frederik Andersen without a rebound.
0:49 of 2nd period - Henrik Zetterberg wins face-off versus Sean Couturier in Rangers zone.
0:58 of 2nd period - Wrist shot by Nino Niederreiter.
0:58 of 2nd period - Shot Blocked by Matt Delahey.
1:14 of 2nd period - Snap shot by T.J Galiardi.
1:14 of 2nd period - Deflect By Ryan Strome.
1:14 of 2nd period - Stopped by Robin Lehner without a rebound.
1:15 of 2nd period - Artem Anisimov wins face-off versus Mike Richards in Red Wings zone.
1:26 of 2nd period - Snap shot by Mike Richards.
1:26 of 2nd period - Stopped by Frederik Andersen with a rebound.
1:49 of 2nd period - Snap shot by Henrik Zetterberg.
1:49 of 2nd period - Shot Misses the Net.
1:51 of 2nd period - Slapshot by David Rundblad.
1:51 of 2nd period - Shot Blocked by Matt Delahey.
2:05 of 2nd period - Philip Samuelsson is hit by Matt Delahey and loses puck.
2:53 of 2nd period - Minor Penalty to Devante Smith-Pelly for Tripping.
2:54 of 2nd period - Henrik Zetterberg wins face-off versus Milan Lucic in Rangers zone.
3:12 of 2nd period - Milan Lucic is hit by Nino Niederreiter and loses puck.
3:34 of 2nd period - Brett Ponich is hit by Henrik Zetterberg and loses puck.
3:46 of 2nd period - Off-side.
3:47 of 2nd period - Mike Richards wins face-off versus Artem Anisimov in neutral zone.
3:57 of 2nd period - Snap shot by Connor Brown.
3:57 of 2nd period - Goal by Connor Brown - Rangers : 2 - Red Wings : 4.
3:57 of 2nd period - Harru Sateri enters game.
3:58 of 2nd period - Mike Richards wins face-off versus Milan Lucic in neutral zone.
4:32 of 2nd period - Snap shot by Marko Dano.
4:32 of 2nd period - Stopped by Harru Sateri with a rebound.
4:34 of 2nd period - Snap shot by Nino Niederreiter.
4:34 of 2nd period - Shot Blocked by Chris Bourque.
5:26 of 2nd period - Milan Lucic is hit by Mike Richards and loses puck.
5:36 of 2nd period - Off-side.
5:37 of 2nd period - Henrik Zetterberg wins face-off versus Tomas Hertl in neutral zone.
5:43 of 2nd period - Minor Penalty to Chris Bourque for Hooking.
5:44 of 2nd period - Milan Lucic wins face-off versus Henrik Zetterberg in Rangers zone.
5:52 of 2nd period - Slapshot by Philip Samuelsson.
5:52 of 2nd period - Stopped by Harru Sateri with a rebound.
5:54 of 2nd period - Snap shot by Marko Dano.
5:54 of 2nd period - Deflect By Henrik Zetterberg.
5:54 of 2nd period - Stopped by Harru Sateri without a rebound.
5:55 of 2nd period - Milan Lucic wins face-off versus Henrik Zetterberg in Rangers zone.
6:08 of 2nd period - Patrik Nemeth is hit by Marko Dano.
6:12 of 2nd period - Nino Niederreiter is hit by Sean Couturier and loses puck.
6:22 of 2nd period - Off-side.
6:23 of 2nd period - Mike Richards wins face-off versus Milan Lucic in neutral zone.
6:34 of 2nd period - Snap shot by Mike Richards.
6:34 of 2nd period - Deflect By Connor Brown.
6:34 of 2nd period - Shot Blocked by Matt Delahey.
6:34 of 2nd period - Puck is out of play.
6:35 of 2nd period - Milan Lucic wins face-off versus Nino Niederreiter in Rangers zone.
6:46 of 2nd period - Snap shot by Nino Niederreiter.
6:46 of 2nd period - Stopped by Harru Sateri with a rebound.
6:52 of 2nd period - Snap shot by Nino Niederreiter.
6:52 of 2nd period - Shot Blocked by Dmitry Kulikov.
7:02 of 2nd period - Mike Richards is hit by Dmitry Kulikov and loses puck.
7:09 of 2nd period - Slapshot by Philip Samuelsson.
7:09 of 2nd period - Stopped by Harru Sateri with a rebound.
7:11 of 2nd period - Snap shot by Kris Versteeg.
7:11 of 2nd period - Shot Blocked by Dmitry Kulikov.
7:13 of 2nd period - Wrist shot by Mike Richards.
7:13 of 2nd period - Shot Blocked by Patrik Nemeth.
7:43 of 2nd period - Penalty to Chris Bourque is over, Chris Bourque is back on ice.
8:16 of 2nd period - Drew Fata is hit by Chris Bourque and loses puck.
8:43 of 2nd period - Ryan Strome is hit by Henrik Zetterberg and loses puck.
9:27 of 2nd period - Slapshot by Magnus Paajarvi.
9:27 of 2nd period - Stopped by Robin Lehner without a rebound.
9:28 of 2nd period - Nino Niederreiter wins face-off versus Richard Panik in Red Wings zone.
9:39 of 2nd period - Wrist shot by Marko Dano.
9:39 of 2nd period - Shot Blocked by Matt Delahey.
9:41 of 2nd period - Snap shot by Henrik Zetterberg.
9:41 of 2nd period - Goal by Henrik Zetterberg - Rangers : 2 - Red Wings : 5.
9:42 of 2nd period - Henrik Zetterberg wins face-off versus Sean Couturier in neutral zone.
9:51 of 2nd period - Icing by Patrik Nemeth.
9:52 of 2nd period - Dustin Brown wins face-off versus Henrik Zetterberg in Rangers zone.
10:07 of 2nd period - Slapshot by Nino Niederreiter.
10:07 of 2nd period - Shot Blocked by Sean Couturier.
10:33 of 2nd period - Snap shot by Marko Dano.
10:33 of 2nd period - Shot Misses the Net.
11:07 of 2nd period - Snap shot by Milan Lucic.
11:07 of 2nd period - Stopped by Robin Lehner with a rebound.
11:11 of 2nd period - Wrist shot by Milan Lucic.
11:11 of 2nd period - Shot Misses the Net.
11:13 of 2nd period - Snap shot by Milan Lucic.
11:13 of 2nd period - Goal by Milan Lucic - Rangers : 3 - Red Wings : 5.
11:14 of 2nd period - Mike Richards wins face-off versus Tomas Hertl in neutral zone.
11:31 of 2nd period - Snap shot by Chris Bourque.
11:31 of 2nd period - Shot Misses the Net.
11:41 of 2nd period - Dylan Larkin is hit by Artem Anisimov and loses puck.
12:06 of 2nd period - Snap shot by Connor Brown.
12:06 of 2nd period - Stopped by Harru Sateri with a rebound.
12:08 of 2nd period - Slapshot by Jiri Fischer.
12:08 of 2nd period - Deflect By Dylan Larkin.
12:08 of 2nd period - Goal by Dylan Larkin - Rangers : 3 - Red Wings : 6.
12:09 of 2nd period - Dustin Brown wins face-off versus Henrik Zetterberg in neutral zone.
12:09 of 2nd period - Dmitry Kulikov is hit by Nino Niederreiter and loses puck.
12:36 of 2nd period - Philip Samuelsson is hit by Steve Quailer and loses puck.
12:45 of 2nd period - Snap shot by Tomas Hertl.
12:45 of 2nd period - Shot Misses the Net.
12:47 of 2nd period - Snap shot by Chris Bourque.
12:47 of 2nd period - Stopped by Robin Lehner without a rebound.
12:48 of 2nd period - Sean Couturier wins face-off versus Henrik Zetterberg in Red Wings zone.
12:53 of 2nd period - Snap shot by Milan Lucic.
12:53 of 2nd period - Shot Blocked by Jiri Fischer.
12:55 of 2nd period - Slapshot by Brett Ponich.
12:55 of 2nd period - Stopped by Robin Lehner with a rebound.
12:57 of 2nd period - Wrist shot by Dustin Brown.
12:57 of 2nd period - Shot Blocked by Jiri Fischer.
12:59 of 2nd period - Slapshot by Dustin Brown.
12:59 of 2nd period - Shot Misses the Net.
13:01 of 2nd period - Wrist shot by Matt Delahey.
13:01 of 2nd period - Stopped by Robin Lehner with a rebound.
13:03 of 2nd period - Slapshot by Brett Ponich.
13:03 of 2nd period - Deflect By Sean Couturier.
13:03 of 2nd period - Shot Blocked by Nino Niederreiter.
13:03 of 2nd period - Puck is out of play.
13:04 of 2nd period - Tomas Hertl wins face-off versus Mike Richards in Red Wings zone.
13:16 of 2nd period - Minor Penalty to Mike Richards for Hooking.
13:17 of 2nd period - Sean Couturier wins face-off versus Kris Versteeg in Red Wings zone.
14:03 of 2nd period - Ryan O'Byrne is hit by Sean Couturier and loses puck.
14:22 of 2nd period - Slapshot by Philip Samuelsson.
14:22 of 2nd period - Shot Blocked by Matt Delahey.
15:16 of 2nd period - Penalty to Mike Richards is over, Mike Richards is back on ice.
15:25 of 2nd period - Patrik Nemeth is hit by Mike Richards and loses puck.
16:07 of 2nd period - Michael Haley is hit by Devante Smith-Pelly and loses puck.
16:21 of 2nd period - Icing by Kris Versteeg.
16:22 of 2nd period - Tomas Hertl wins face-off versus Carson Mcmillan in Red Wings zone.
16:41 of 2nd period - Minor Penalty to Milan Lucic for Hooking.
16:42 of 2nd period - Henrik Zetterberg wins face-off versus Devante Smith-Pelly in Rangers zone.
16:45 of 2nd period - Wrist shot by Marko Dano.
16:45 of 2nd period - Stopped by Harru Sateri with a rebound.
16:47 of 2nd period - Wrist shot by Henrik Zetterberg.
16:47 of 2nd period - Goal by Henrik Zetterberg - Rangers : 3 - Red Wings : 7.
16:48 of 2nd period - Henrik Zetterberg wins face-off versus Dustin Brown in neutral zone.
17:05 of 2nd period - Wrist shot by Marko Dano.
17:05 of 2nd period - Stopped by Harru Sateri with a rebound.
17:29 of 2nd period - Wrist shot by Steve Quailer.
17:29 of 2nd period - Shot Hit the Post.
17:31 of 2nd period - Wrist shot by Matt Delahey.
17:31 of 2nd period - Shot Misses the Net.
17:43 of 2nd period - Snap shot by Carson Mcmillan.
17:43 of 2nd period - Shot Misses the Net.
18:22 of 2nd period - Nino Niederreiter is hit by Chris Bourque and loses puck.
18:27 of 2nd period - Snap shot by Chris Bourque.
18:27 of 2nd period - Stopped by Robin Lehner with a rebound.
19:37 of 2nd period - Snap shot by Marko Dano.
19:37 of 2nd period - Stopped by Harru Sateri with a rebound.
19:39 of 2nd period - Wrist shot by Henrik Zetterberg.
19:39 of 2nd period - Shot Misses the Net.
19:41 of 2nd period - Snap shot by Nino Niederreiter.
19:41 of 2nd period - Deflect By Marko Dano.
19:41 of 2nd period - Stopped by Harru Sateri with a rebound.
19:51 of 2nd period - Brett Ponich is hit by Connor Brown and loses puck.
Goals for this period are 1 for Rangers vs 4 for Red Wings.
Shots for this period are 8 for Rangers vs 16 for Red Wings.

3rd period


0:01 of 3rd period - Sean Couturier wins face-off versus Henrik Zetterberg in neutral zone.
1:04 of 3rd period - Wrist shot by Connor Brown.
1:04 of 3rd period - Stopped by Harru Sateri without a rebound.
1:05 of 3rd period - Henrik Zetterberg wins face-off versus Sean Couturier in Rangers zone.
1:16 of 3rd period - Wrist shot by Marko Dano.
1:16 of 3rd period - Stopped by Harru Sateri with a rebound.
1:18 of 3rd period - Snap shot by Henrik Zetterberg.
1:18 of 3rd period - Shot Misses the Net.
1:43 of 3rd period - Slapshot by Drew Fata.
1:43 of 3rd period - Deflect By Carson Mcmillan.
1:43 of 3rd period - Stopped by Harru Sateri with a rebound.
1:55 of 3rd period - Wrist shot by T.J Galiardi.
1:55 of 3rd period - Shot Blocked by Jordin Tootoo.
1:57 of 3rd period - Slapshot by Ryan Strome.
1:57 of 3rd period - Shot Misses the Net.
1:59 of 3rd period - Slapshot by Matt Delahey.
1:59 of 3rd period - Stopped by Robin Lehner with a rebound.
2:13 of 3rd period - Devante Smith-Pelly is hit by Mike Richards.
2:53 of 3rd period - Snap shot by Ryan Strome.
2:53 of 3rd period - Stopped by Robin Lehner with a rebound.
3:59 of 3rd period - Minor Penalty to Milan Lucic for Hooking.
4:00 of 3rd period - Devante Smith-Pelly wins face-off versus Henrik Zetterberg in Rangers zone.
4:04 of 3rd period - Minor Penalty to Nino Niederreiter for Tripping.
4:05 of 3rd period - Richard Panik wins face-off versus Henrik Zetterberg in Red Wings zone.
4:38 of 3rd period - Snap shot by Dylan Larkin.
4:38 of 3rd period - Goal by Dylan Larkin - Rangers : 3 - Red Wings : 8.
4:38 of 3rd period - Frederik Andersen enters game.
4:39 of 3rd period - Richard Panik wins face-off versus Henrik Zetterberg in neutral zone.
4:44 of 3rd period - Wrist shot by Sean Couturier.
4:44 of 3rd period - Deflect By Richard Panik.
4:44 of 3rd period - Shot Blocked by Henrik Zetterberg.
4:44 of 3rd period - Puck is out of play.
4:45 of 3rd period - Henrik Zetterberg wins face-off versus Richard Panik in Red Wings zone.
4:50 of 3rd period - Philip Samuelsson is hit by Richard Panik and loses puck.
4:55 of 3rd period - Slapshot by Dmitry Kulikov.
4:55 of 3rd period - Stopped by Robin Lehner without a rebound.
4:56 of 3rd period - Henrik Zetterberg wins face-off versus Richard Panik in Red Wings zone.
5:59 of 3rd period - Penalty to Milan Lucic is over, Milan Lucic is back on ice.
6:04 of 3rd period - Penalty to Nino Niederreiter is over, Nino Niederreiter is back on ice.
6:31 of 3rd period - Snap shot by Milan Lucic.
6:31 of 3rd period - Shot Blocked by Drew Fata.
6:43 of 3rd period - Slapshot by Nino Niederreiter.
6:43 of 3rd period - Shot Misses the Net.
6:45 of 3rd period - Snap shot by Nino Niederreiter.
6:45 of 3rd period - Shot Misses the Net.
6:47 of 3rd period - Wrist shot by Nino Niederreiter.
6:47 of 3rd period - Stopped by Frederik Andersen with a rebound.
6:49 of 3rd period - Wrist shot by Kris Versteeg.
6:49 of 3rd period - Shot Misses the Net.
6:51 of 3rd period - Wrist shot by Carson Mcmillan.
6:51 of 3rd period - Stopped by Frederik Andersen with a rebound.
6:53 of 3rd period - Slapshot by Drew Fata.
6:53 of 3rd period - Stopped by Frederik Andersen without a rebound.
6:54 of 3rd period - Mike Richards wins face-off versus Tomas Hertl in Rangers zone.
7:10 of 3rd period - Slapshot by Chris Bourque.
7:10 of 3rd period - Shot Misses the Net.
7:53 of 3rd period - Minor Penalty to Henrik Zetterberg for Interference.
7:54 of 3rd period - Tomas Hertl wins face-off versus Kris Versteeg in Red Wings zone.
8:08 of 3rd period - Icing by Chris Bourque.
8:09 of 3rd period - Tomas Hertl wins face-off versus Kris Versteeg in Rangers zone.
8:13 of 3rd period - Off-side.
8:14 of 3rd period - Sean Couturier wins face-off versus Carson Mcmillan in neutral zone.
8:21 of 3rd period - Snap shot by Milan Lucic.
8:21 of 3rd period - Stopped by Robin Lehner with a rebound.
8:23 of 3rd period - Wrist shot by Dustin Brown.
8:23 of 3rd period - Shot Blocked by Drew Fata.
8:25 of 3rd period - Slapshot by Patrik Nemeth.
8:25 of 3rd period - Shot Misses the Net.
8:53 of 3rd period - Slapshot by Dmitry Kulikov.
8:53 of 3rd period - Stopped by Robin Lehner with a rebound.
9:53 of 3rd period - Penalty to Henrik Zetterberg is over, Henrik Zetterberg is back on ice.
9:57 of 3rd period - Slapshot by Philip Samuelsson.
9:57 of 3rd period - Deflect By Nino Niederreiter.
9:57 of 3rd period - Stopped by Frederik Andersen without a rebound.
9:58 of 3rd period - Mike Richards wins face-off versus T.J Galiardi in Rangers zone.
10:09 of 3rd period - Icing by Mike Richards.
10:10 of 3rd period - Connor Brown wins face-off versus Sean Couturier in Red Wings zone.
10:47 of 3rd period - Henrik Zetterberg is hit by Steve Quailer and loses puck.
11:00 of 3rd period - Snap shot by Nino Niederreiter.
11:00 of 3rd period - Shot Blocked by Ryan Strome.
11:06 of 3rd period - Wrist shot by Artem Anisimov.
11:06 of 3rd period - Stopped by Robin Lehner without a rebound.
11:07 of 3rd period - Sean Couturier wins face-off versus Kris Versteeg in Red Wings zone.
11:25 of 3rd period - Minor Penalty to Tye McGinn for Holding.
11:26 of 3rd period - Sean Couturier wins face-off versus Carson Mcmillan in Red Wings zone.
11:56 of 3rd period - Michael Haley is hit by Chris Bourque and loses puck.
13:25 of 3rd period - Penalty to Tye McGinn is over, Tye McGinn is back on ice.
13:36 of 3rd period - Dylan Larkin is hit by T.J Galiardi and loses puck.
14:54 of 3rd period - Artem Anisimov is hit by Mike Richards and loses puck.
16:01 of 3rd period - Snap shot by Steve Quailer.
16:01 of 3rd period - Stopped by Robin Lehner without a rebound.
16:02 of 3rd period - Mike Richards wins face-off versus Tomas Hertl in Red Wings zone.
16:09 of 3rd period - Steve Quailer is hit by Philip Samuelsson and loses puck.
16:37 of 3rd period - Sean Couturier is hit by Marko Dano and loses puck.
17:33 of 3rd period - Snap shot by Milan Lucic.
17:33 of 3rd period - Stopped by Robin Lehner with a rebound.
17:35 of 3rd period - Slapshot by Patrik Nemeth.
17:35 of 3rd period - Deflect By Magnus Paajarvi.
17:35 of 3rd period - Shot Misses the Net.
17:35 of 3rd period - Puck is out of play.
17:36 of 3rd period - Mike Richards wins face-off versus Milan Lucic in Red Wings zone.
18:35 of 3rd period - Slapshot by Philip Samuelsson.
18:35 of 3rd period - Shot Blocked by T.J Galiardi.
18:37 of 3rd period - Wrist shot by Dylan Larkin.
18:37 of 3rd period - Shot Misses the Net.
18:52 of 3rd period - Ryan Strome is hit by Ole-Kristian Tollefsen and loses puck.
19:47 of 3rd period - Wrist shot by Mike Richards.
19:47 of 3rd period - Shot Misses the Net.
19:49 of 3rd period - Snap shot by Mike Richards.
19:49 of 3rd period - Shot Misses the Net.
Goals for this period are 0 for Rangers vs 1 for Red Wings.
Shots for this period are 8 for Rangers vs 8 for Red Wings.